 Dungeon Crawl Stone Soup version 0.28.0-47-ge53b351184 (webtiles) character file.

Game seed: 14601378577501332741

21 issech the Cudgeller (level 2, 0/29 HPs)
             Began as a Troll Monk on May 8, 2022.
             Slain by an adder (1 damage)
             ... on level 3 of the Dungeon.
             The game lasted 00:02:38 (774 turns).

issech the Cudgeller (Troll Monk)                    Turns: 774, Time: 00:02:39

Health: 0/29       AC:  4    Str: 18    XL:     2   Next: 65%
Magic:  1/1        EV: 10    Int:  6    God:
Gold:   65         SH:  0    Dex: 12    Spells: 1/1 levels left

rFire   . . .      SeeInvis .   c - +1 dagger (drain)
rCold   . . .      Faith    .   (no shield)
rNeg    . . .      Spirit   .   b - +0 robe
rPois   .          Reflect  .   (helmet restricted)
rElec   .          Harm     .   (no cloak)
rCorr   .          Rampage  .   (gloves unavailable)
Will    .....                   (boots unavailable)
Stlth   ++........              (no amulet)
HPRegen 0.89/turn               (no ring)
MPRegen 0.07/turn               (no ring)

@: lethally poisoned (0 -> 0)
A: large, unfitting armour, claws 3, regeneration 1, shaggy fur 1, tough skin 1
a: no special abilities


You were on level 3 of the Dungeon.
You visited 1 branch of the dungeon, and saw 3 of its levels.

You collected 65 gold pieces.

Inventory:

Hand Weapons
 a - a +0 mace
 c - a +1 dagger of draining (weapon)
Missiles
 d - 46 stones (quivered)
 g - 4 poisoned darts
 l - 6 datura-tipped darts
Armour
 b - a +0 robe (worn)
Scrolls
 f - a scroll of teleportation {unknown}
 h - a scroll of enchant armour {unknown}
 j - a scroll of identify {unknown}
 k - a scroll of vulnerability {unknown}
 m - a scroll of fog {unknown}
 n - a scroll of noise {unknown}
Potions
 e - 2 potions of degeneration {unknown}
 i - a potion of magic {unknown}


   Skills:
 + Level 2.7 Fighting
 + Level 3.0 Maces & Flails
 + Level 2.7 Dodging
 + Level 1.0 Stealth


You had one spell level left.
You didn't know any spells.
Your spell library was empty.

Dungeon Overview and Level Annotations

Branches:
Dungeon (3/15)

Altars:


Innate Abilities, Weirdness & Mutations

You are too large for most types of armour.
You have claws for hands.
Your natural rate of healing is unusually fast.
You are covered in fur. (AC +1)
You have tough skin. (AC +1)


Message History

The hobgoblin closely misses you.
The giant cockroach bites you but does no damage.
The quokka bites you but does no damage.
You completely miss the adder.
You feel sick. The adder barely misses you. The goblin closely misses you.
The hobgoblin closely misses you. The giant cockroach closely misses you.
The quokka bites you but does no damage.
The adder completely misses you.
Found a stone staircase leading down.
You feel sick.
The goblin unwields a +0 dagger.
The goblin wields a +0 hunting sling.
The goblin shoots a stone.
The stone hits you but does no damage. The adder barely misses you.
You feel sick. The adder closely misses you. The quokka closely misses you.
There is a stone staircase leading down here.
You can't go up here!
You feel sick. The adder bites you.
You are more poisoned.
The adder poisons you! The giant cockroach barely misses you.
The quokka bites you but does no damage.
The adder closely misses you.
The giant cockroach bites you but does no damage.
The quokka bites you.
You climb downwards.
You feel sick.
There is a stone staircase leading up here.
You closely miss the adder.
You feel sick. The adder bites you.
* * * LOW HITPOINT WARNING * * *
The quokka barely misses you.
You miss the adder.
You feel sick. The adder bites you but does no damage.
The quokka barely misses you.
You hit the adder but do no damage. You drain the adder.
The adder is moderately wounded.
You feel sick. The adder barely misses you. The quokka bites you.
* * * LOW HITPOINT WARNING * * *
The adder barely misses you.
You hit the adder. You drain the adder.
The adder is almost dead.
You feel sick. The quokka bites you.
* * * LOW HITPOINT WARNING * * *
The adder bites you.
You die...

####
#B.
#r#
#@#
#S#
#.#
#.#
#.#
#.#
#..
###


You could see an adder (drained), a quokka (drained) and a giant cockroach.

Vanquished Creatures
  2 dart slugs (D:1)
  An endoplasm (D:1)
  3 goblins (D:1)
  A hobgoblin (D:1)
  4 jackals (D:1)
  A kobold (D:1)
  A quokka (D:1)
  A frilled lizard (D:1)
  A rat (D:1)
15 creatures vanquished.

Notes
Turn   | Place    | Note
-------+----------+-------------------------------------------
     0 | D:1      | issech the Troll Monk began the quest for the Orb.
     0 | D:1      | Reached XP level 1. HP: 22/22 MP: 0/0
   179 | D:1      | Reached XP level 2. HP: 25/29 MP: 1/1
   598 | D:1      | Reached skill level 3 in Maces & Flails
   774 | D:3      | HP: 1/29 [quokka (3)]
   774 | D:3      | Slain by an adder

Illustrated notes

Levels and vault maps discovered:
D:1:      amcnicky_arrival_gap_in_the_tavern_cellar, layout_basic
D:2:      layout_rooms, basic_ecumenical_altar, serial_shops, shop,
          chequers_serial_rivers_marsh
D:3:      layout_loops_corners, mainiacjoe_overflow_paths, serial_glass,
          glass_columns_a, glass_columns_a, glass_columns_a, glass_columns_a,
          grunt_decor_clamped, grunt_decor_one_mirror, uniq_natasha

Skill      XL: |  1  2 |
---------------+-------+-----
Maces & Flails | 3 |  3.0
Fighting       | |  2.7
Dodging        | |  2.7
Stealth        | |  1.0

Action                   || total
-------------------------++-------
Melee: Dagger            ||    44
       Mace              ||     6
       Punch             ||     1
 Stab: Sleeping          ||     1
Armor: Robe              ||    25
Dodge: Dodged            ||    51
